[ PARTIDA AOE2 · #471147031 ]
UnrankedMagiares vs Ethiopians
[ ANÁLISIS DE REPETICIÓN · EXTRAÍDO DE LA PARTIDA GRABADA ]
Feudal
8:59
Castillos
22:53
Imperial
—
| APM promedio | 63.4 |
| APM pico | 102 |
| eAPM promedio | 31.9 |
| Aldeanos / militares | 132 / 193 |
Foco
⚔️ 64.4% · 🌾 35.6%
Knight ×121 · Scout Cavalry ×62 · Spearman ×9 · Militia ×1
Feudal
8:32
Castillos
20:22
Imperial
36:22
| APM promedio | 54.6 |
| APM pico | 85 |
| eAPM promedio | 22.5 |
| Aldeanos / militares | 137 / 117 |
Foco
⚔️ 30.7% · 🌾 69.3%
Archer ×116 · Trebuchet (Packed) ×1
Feudal
8:57
Castillos
23:51
Imperial
—
| APM promedio | 39.1 |
| APM pico | 71 |
| eAPM promedio | 18.0 |
| Aldeanos / militares | 119 / 22 |
Foco
⚔️ 27.4% · 🌾 72.6%
Unknown (1949) ×35 · Scout Cavalry ×19 · Spearman ×3
Feudal
8:23
Castillos
24:11
Imperial
39:46
| APM promedio | 48.7 |
| APM pico | 82 |
| eAPM promedio | 22.7 |
| Aldeanos / militares | 159 / 157 |
Foco
⚔️ 36.3% · 🌾 63.7%
Knight ×125 · Scout Cavalry ×28 · Spearman ×3 · Monk ×1
Feudal
8:50
Castillos
21:33
Imperial
—
| APM promedio | 63.5 |
| APM pico | 103 |
| eAPM promedio | 28.7 |
| Aldeanos / militares | 102 / 163 |
Foco
⚔️ 44.2% · 🌾 55.8%
Archer ×162 · Spearman ×1
Feudal
8:28
Castillos
21:19
Imperial
36:21
| APM promedio | 36.3 |
| APM pico | 77 |
| eAPM promedio | 24.5 |
| Aldeanos / militares | 164 / 207 |
Foco
⚔️ 45.5% · 🌾 54.5%
Knight ×149 · Scout Cavalry ×37 · Camel Scout ×20 · Monk ×1
Feudal
9:26
Castillos
24:07
Imperial
—
| APM promedio | 57.2 |
| APM pico | 86 |
| eAPM promedio | 21.5 |
| Aldeanos / militares | 75 / 49 |
Foco
⚔️ 28.0% · 🌾 72.0%
Archer ×49
Feudal
9:06
Castillos
28:25
Imperial
—
| APM promedio | 36.7 |
| APM pico | 59 |
| eAPM promedio | 21.5 |
| Aldeanos / militares | 87 / 158 |
Foco
⚔️ 41.3% · 🌾 58.7%
Archer ×153 · Spearman ×5
Mapa de la partida
Recursos iniciales + cada clic de construcción. Líneas = muros · curvas = relieve. ◆ oro · ⬟ piedra · ● bayas · ✦ reliquia · ◌ hueco del cierre
Tu base· ✓ Cerrada en 22:53 · 14t muro · 4 puerta(s)
Base de TheShadowrawen· ✓ Cerrada en 20:22 · 1t muro · 4 puerta(s)
Base de [RAT] Spencer· ✓ Cerrada en 23:51 · 44t muro · 4 puerta(s)
Base de tokmakbaba· ✓ Cerrada en 24:11 · 4t muro · 5 puerta(s)
Base de [LW] Faneth· ✓ Cerrada en 21:33 · 14t muro · 4 puerta(s)
Base de Joey the Bonqueror· ✓ Cerrada en 21:19 · 5t muro · 4 puerta(s)
Base de [RAT] G0rm· ✓ Cerrada en 24:07 · 0t muro · 4 puerta(s)
Base de TaçsızKral· ✓ Cerrada en 28:25 · 2t muro · 4 puerta(s)
Terreno inicial suavizado · ◌ = hueco del cierre detectado · pasá el cursor para detalles
Inputs por minuto
— [LW] Klemens - - TheShadowrawen
Build order — [LW] Klemens
Primeras 150 de 518 acciones detectadas
| 0:01 | Crear | Villager (Male) |
| 0:02 | Construir | House |
| 0:04 | Construir | House |
| 0:13 | Crear | Villager (Male) |
| 0:13 | Crear | Villager (Male) |
| 0:13 | Crear | Villager (Male) |
| 1:21 | Construir | House |
| 1:27 | Crear | Villager (Male) |
| 1:51 | Crear | Villager (Male) |
| 2:20 | Crear | Villager (Male) |
| 2:32 | Crear | Villager (Male) |
| 2:51 | Crear | Villager (Male) |
| 3:05 | Construir | House |
| 3:06 | Construir | House |
| 3:26 | Crear | Villager (Male) |
| 3:48 | Construir | Lumber Camp |
| 3:51 | Crear | Villager (Male) |
| 3:51 | Crear | Villager (Male) |
| 4:54 | Crear | Villager (Male) |
| 5:12 | Construir | Mill |
| 5:16 | Crear | Villager (Male) |
| 5:34 | Crear | Villager (Male) |
| 6:11 | Investigar | Loom |
| 6:49 | Investigar | Feudal Age |
| 7:09 | Construir | Barracks |
| 7:25 | Construir | House |
| 7:29 | Construir | Palisade Wall |
| 7:31 | Construir | Palisade Wall |
| 8:29 | Crear | Villager (Male) |
| 8:59 | Edad | Edad Feudal |
| 9:03 | Construir | Stable |
| 9:05 | Investigar | Double-Bit Axe |
| 9:06 | Investigar | Horse Collar |
| 9:12 | Construir | Farm |
| 9:13 | Construir | Farm |
| 9:13 | Construir | Farm |
| 9:13 | Construir | Farm |
| 9:15 | Crear | Villager (Male) |
| 9:17 | Construir | Farm |
| 9:36 | Construir | Farm |
| 9:41 | Crear | Villager (Male) |
| 9:48 | Construir | House |
| 9:50 | Construir | House |
| 9:57 | Construir | Farm |
| 9:59 | Construir | Farm |
| 10:01 | Construir | Farm |
| 10:08 | Crear | Villager (Male) |
| 10:14 | Crear | Scout Cavalry |
| 10:15 | Crear | Scout Cavalry |
| 10:20 | Construir | Farm |
| 10:31 | Construir | Farm |
| 10:42 | Crear | Villager (Male) |
| 10:42 | Crear | Villager (Male) |
| 10:45 | Construir | Farm |
| 10:50 | Construir | Farm |
| 10:54 | Crear | Villager (Male) |
| 11:04 | Crear | Scout Cavalry |
| 11:04 | Crear | Scout Cavalry |
| 11:19 | Crear | Villager (Male) |
| 11:22 | Construir | Farm |
| 11:23 | Construir | Farm |
| 11:32 | Crear | Scout Cavalry |
| 11:42 | Construir | Farm |
| 11:49 | Crear | Villager (Male) |
| 11:50 | Crear | Scout Cavalry |
| 11:59 | Construir | Farm |
| 12:10 | Crear | Scout Cavalry |
| 12:11 | Crear | Villager (Male) |
| 12:18 | Construir | House |
| 12:18 | Construir | House |
| 12:18 | Construir | House |
| 12:18 | Construir | House |
| 12:19 | Construir | House |
| 12:24 | Crear | Villager (Male) |
| 12:36 | Crear | Scout Cavalry |
| 12:40 | Construir | Farm |
| 12:52 | Crear | Villager (Male) |
| 13:03 | Construir | Stable |
| 13:06 | Crear | Scout Cavalry |
| 13:15 | Crear | Villager (Male) |
| 13:31 | Construir | Farm |
| 13:36 | Crear | Scout Cavalry |
| 13:51 | Construir | Blacksmith |
| 13:55 | Crear | Villager (Male) |
| 13:56 | Crear | Scout Cavalry |
| 13:57 | Crear | Villager (Male) |
| 14:01 | Investigar | Bloodlines |
| 14:05 | Crear | Scout Cavalry |
| 14:06 | Crear | Villager (Male) |
| 14:11 | Crear | Scout Cavalry |
| 14:19 | Construir | Farm |
| 14:41 | Crear | Scout Cavalry |
| 14:42 | Crear | Villager (Male) |
| 14:46 | Construir | Farm |
| 14:47 | Construir | Farm |
| 14:52 | Crear | Scout Cavalry |
| 14:52 | Crear | Villager (Male) |
| 15:00 | Crear | Scout Cavalry |
| 15:01 | Crear | Villager (Male) |
| 15:07 | Construir | Farm |
| 15:07 | Construir | Farm |
| 15:08 | Construir | Farm |
| 15:14 | Crear | Scout Cavalry |
| 15:15 | Crear | Villager (Male) |
| 15:23 | Investigar | Scale Barding Armor |
| 15:36 | Crear | Scout Cavalry |
| 15:52 | Crear | Villager (Male) |
| 15:53 | Crear | Scout Cavalry |
| 16:08 | Crear | Scout Cavalry |
| 16:13 | Crear | Villager (Male) |
| 16:26 | Crear | Scout Cavalry |
| 16:32 | Crear | Scout Cavalry |
| 16:33 | Crear | Villager (Male) |
| 16:34 | Crear | Villager (Male) |
| 16:38 | Construir | House |
| 16:39 | Construir | House |
| 16:54 | Crear | Scout Cavalry |
| 16:57 | Investigar | Wheelbarrow |
| 17:08 | Construir | Farm |
| 17:30 | Construir | Farm |
| 17:36 | Construir | House |
| 17:36 | Construir | House |
| 17:36 | Construir | House |
| 17:37 | Construir | House |
| 17:47 | Construir | House |
| 17:47 | Construir | House |
| 17:48 | Construir | House |
| 17:52 | Crear | Scout Cavalry |
| 17:53 | Crear | Scout Cavalry |
| 17:54 | Crear | Villager (Male) |
| 17:55 | Construir | Stable |
| 18:15 | Crear | Scout Cavalry |
| 18:24 | Crear | Scout Cavalry |
| 18:42 | Crear | Militia |
| 18:42 | Crear | Villager (Male) |
| 18:58 | Crear | Scout Cavalry |
| 18:58 | Crear | Scout Cavalry |
| 19:20 | Crear | Scout Cavalry |
| 19:20 | Crear | Scout Cavalry |
| 19:22 | Crear | Villager (Male) |
| 19:23 | Crear | Scout Cavalry |
| 19:25 | Construir | Stable |
| 19:29 | Crear | Scout Cavalry |
| 19:40 | Crear | Villager (Male) |
| 19:41 | Construir | Stable |
| 19:56 | Crear | Scout Cavalry |
| 20:03 | Crear | Scout Cavalry |
| 20:04 | Crear | Scout Cavalry |
| 20:04 | Crear | Villager (Male) |
| 20:06 | Construir | Farm |
Build order — TheShadowrawen
Primeras 150 de 397 acciones detectadas
| 0:00 | Crear | Villager (Male) |
| 0:01 | Construir | House |
| 0:02 | Construir | House |
| 0:11 | Crear | Villager (Male) |
| 0:11 | Crear | Villager (Male) |
| 0:11 | Crear | Villager (Male) |
| 1:40 | Crear | Villager (Male) |
| 2:00 | Crear | Villager (Male) |
| 2:00 | Crear | Villager (Male) |
| 2:14 | Construir | Lumber Camp |
| 2:45 | Crear | Villager (Male) |
| 2:57 | Crear | Villager (Male) |
| 3:16 | Crear | Villager (Male) |
| 3:16 | Crear | Villager (Male) |
| 3:32 | Construir | House |
| 3:45 | Crear | Villager (Male) |
| 3:45 | Crear | Villager (Male) |
| 4:12 | Crear | Villager (Male) |
| 4:14 | Construir | House |
| 4:24 | Crear | Villager (Male) |
| 4:24 | Crear | Villager (Male) |
| 4:52 | Construir | Mining Camp |
| 4:57 | Crear | Villager (Male) |
| 5:29 | Investigar | Loom |
| 6:22 | Investigar | Feudal Age |
| 6:22 | Investigar | Feudal Age |
| 7:21 | Construir | Barracks |
| 7:34 | Construir | House |
| 7:42 | Crear | Villager (Male) |
| 7:44 | Crear | Villager (Male) |
| 8:13 | Construir | Palisade Wall |
| 8:26 | Crear | Villager (Male) |
| 8:32 | Edad | Edad Feudal |
| 8:34 | Construir | Archery Range |
| 8:35 | Construir | Archery Range |
| 8:43 | Crear | Villager (Male) |
| 8:48 | Investigar | Double-Bit Axe |
| 8:57 | Crear | Villager (Male) |
| 9:03 | Construir | Mill |
| 9:14 | Construir | House |
| 9:18 | Construir | House |
| 9:32 | Crear | Archer |
| 9:32 | Crear | Archer |
| 9:47 | Construir | Blacksmith |
| 10:05 | Crear | Archer |
| 10:05 | Crear | Archer |
| 10:19 | Construir | House |
| 10:22 | Crear | Archer |
| 10:22 | Crear | Archer |
| 10:26 | Crear | Villager (Male) |
| 10:34 | Crear | Archer |
| 10:34 | Crear | Archer |
| 10:43 | Crear | Villager (Male) |
| 10:45 | Investigar | Fletching |
| 11:04 | Crear | Archer |
| 11:05 | Crear | Archer |
| 11:07 | Crear | Villager (Male) |
| 11:12 | Construir | Farm |
| 11:14 | Construir | Farm |
| 11:17 | Construir | House |
| 11:19 | Crear | Villager (Male) |
| 11:25 | Crear | Archer |
| 11:25 | Crear | Archer |
| 11:35 | Construir | Farm |
| 11:57 | Crear | Archer |
| 11:57 | Crear | Archer |
| 11:59 | Construir | House |
| 12:15 | Crear | Villager (Male) |
| 12:16 | Crear | Villager (Male) |
| 12:18 | Construir | Farm |
| 12:23 | Crear | Archer |
| 12:23 | Crear | Archer |
| 12:31 | Construir | House |
| 12:33 | Construir | Farm |
| 12:39 | Crear | Archer |
| 12:39 | Crear | Archer |
| 12:49 | Crear | Villager (Male) |
| 13:03 | Crear | Archer |
| 13:03 | Crear | Archer |
| 13:10 | Construir | House |
| 13:11 | Construir | House |
| 13:24 | Crear | Villager (Male) |
| 13:27 | Construir | Farm |
| 14:02 | Crear | Villager (Male) |
| 14:02 | Crear | Villager (Male) |
| 14:30 | Crear | Archer |
| 14:30 | Crear | Archer |
| 14:32 | Construir | Farm |
| 14:37 | Construir | Farm |
| 14:38 | Crear | Villager (Male) |
| 15:18 | Crear | Villager (Male) |
| 15:22 | Construir | Lumber Camp |
| 15:23 | Crear | Villager (Male) |
| 15:53 | Crear | Archer |
| 15:53 | Crear | Archer |
| 16:07 | Crear | Villager (Male) |
| 16:30 | Crear | Villager (Male) |
| 16:42 | Crear | Archer |
| 16:42 | Crear | Archer |
| 16:58 | Construir | Watch Tower |
| 17:07 | Construir | Market |
| 17:10 | Crear | Archer |
| 17:10 | Crear | Archer |
| 17:42 | Investigar | Castle Age |
| 17:54 | Crear | Archer |
| 17:54 | Crear | Archer |
| 17:58 | Investigar | Horse Collar |
| 18:07 | Crear | Villager (Male) |
| 18:08 | Crear | Archer |
| 18:08 | Crear | Archer |
| 18:20 | Construir | House |
| 18:22 | Construir | House |
| 18:32 | Crear | Archer |
| 18:32 | Crear | Archer |
| 18:35 | Construir | House |
| 18:36 | Construir | House |
| 18:37 | Construir | House |
| 18:38 | Construir | House |
| 18:39 | Construir | House |
| 18:55 | Investigar | Gold Mining |
| 18:56 | Investigar | Gold Mining |
| 19:05 | Construir | Lumber Camp |
| 19:19 | Crear | Archer |
| 19:20 | Crear | Archer |
| 19:40 | Construir | House |
| 19:43 | Crear | Villager (Male) |
| 20:22 | Edad | Edad de los Castillos |
| 20:26 | Construir | University |
| 20:27 | Investigar | Crossbowman (upgrade) |
| 20:27 | Investigar | Bodkin Arrow |
| 20:39 | Crear | Archer |
| 20:39 | Crear | Archer |
| 20:41 | Crear | Villager (Male) |
| 21:00 | Crear | Villager (Male) |
| 21:23 | Investigar | Ballistics |
| 21:24 | Crear | Villager (Male) |
| 21:24 | Crear | Archer |
| 21:25 | Crear | Archer |
| 22:02 | Crear | Villager (Male) |
| 22:10 | Construir | Farm |
| 22:11 | Crear | Villager (Male) |
| 22:13 | Construir | Farm |
| 22:31 | Crear | Villager (Male) |
| 22:31 | Crear | Villager (Male) |
| 22:33 | Crear | Archer |
| 22:33 | Crear | Archer |
| 22:54 | Crear | Villager (Male) |
| 22:54 | Crear | Villager (Male) |
| 23:09 | Construir | Town Center |
| 23:20 | Crear | Villager (Male) |
Build order — [RAT] Spencer
Primeras 150 de 327 acciones detectadas
| 0:01 | Crear | Villager (Male) |
| 0:01 | Crear | Villager (Male) |
| 0:02 | Construir | House |
| 0:04 | Construir | House |
| 0:20 | Crear | Villager (Male) |
| 0:33 | Crear | Villager (Male) |
| 1:35 | Crear | Villager (Male) |
| 1:43 | Crear | Villager (Male) |
| 2:10 | Construir | Lumber Camp |
| 2:15 | Crear | Villager (Male) |
| 2:19 | Crear | Villager (Male) |
| 3:23 | Crear | Villager (Male) |
| 3:23 | Crear | Villager (Male) |
| 3:23 | Crear | Villager (Male) |
| 3:57 | Construir | House |
| 4:29 | Construir | House |
| 4:40 | Crear | Villager (Male) |
| 4:45 | Construir | Mill |
| 4:58 | Crear | Villager (Male) |
| 5:08 | Crear | Villager (Male) |
| 5:34 | Crear | Villager (Male) |
| 5:34 | Investigar | Loom |
| 6:44 | Crear | Villager (Male) |
| 6:47 | Investigar | Feudal Age |
| 7:45 | Construir | Barracks |
| 8:42 | Crear | Villager (Male) |
| 8:57 | Edad | Edad Feudal |
| 9:04 | Construir | Stable |
| 9:05 | Investigar | Double-Bit Axe |
| 9:06 | Investigar | Horse Collar |
| 9:11 | Construir | House |
| 9:19 | Crear | Villager (Male) |
| 9:49 | Crear | Scout Cavalry |
| 9:50 | Crear | Villager (Male) |
| 9:53 | Construir | Farm |
| 9:53 | Construir | Farm |
| 9:53 | Construir | Farm |
| 9:54 | Construir | Farm |
| 9:54 | Construir | Farm |
| 10:03 | Crear | Spearman |
| 10:05 | Crear | Villager (Male) |
| 10:22 | Crear | Scout Cavalry |
| 10:34 | Crear | Villager (Male) |
| 10:49 | Construir | Farm |
| 10:51 | Construir | Farm |
| 10:52 | Crear | Villager (Male) |
| 11:08 | Construir | Farm |
| 11:08 | Construir | Farm |
| 11:24 | Crear | Scout Cavalry |
| 11:27 | Construir | House |
| 11:30 | Construir | Farm |
| 11:37 | Crear | Villager (Male) |
| 11:41 | Crear | Spearman |
| 11:51 | Construir | Farm |
| 11:53 | Construir | Farm |
| 12:07 | Crear | Scout Cavalry |
| 12:08 | Crear | Villager (Male) |
| 12:10 | Construir | Farm |
| 12:14 | Construir | House |
| 12:23 | Crear | Villager (Male) |
| 12:27 | Construir | Farm |
| 12:38 | Construir | House |
| 12:48 | Crear | Scout Cavalry |
| 12:50 | Crear | Spearman |
| 13:05 | Construir | Farm |
| 13:08 | Construir | House |
| 13:14 | Construir | Palisade Wall |
| 13:16 | Construir | Palisade Wall |
| 13:23 | Crear | Villager (Male) |
| 13:24 | Crear | Scout Cavalry |
| 13:28 | Crear | Villager (Male) |
| 13:44 | Construir | Blacksmith |
| 14:12 | Crear | Scout Cavalry |
| 14:17 | Construir | House |
| 14:20 | Construir | House |
| 14:22 | Construir | Palisade Wall |
| 14:27 | Crear | Villager (Male) |
| 14:30 | Crear | Villager (Male) |
| 14:32 | Investigar | Scale Barding Armor |
| 14:39 | Construir | Mining Camp |
| 14:46 | Crear | Scout Cavalry |
| 14:54 | Construir | House |
| 15:03 | Construir | Watch Tower |
| 15:11 | Crear | Scout Cavalry |
| 15:14 | Construir | Stable |
| 15:16 | Investigar | Forging |
| 15:17 | Crear | Villager (Male) |
| 15:20 | Crear | Villager (Male) |
| 15:29 | Crear | Scout Cavalry |
| 15:36 | Construir | Farm |
| 15:47 | Crear | Scout Cavalry |
| 15:51 | Construir | Farm |
| 16:16 | Crear | Villager (Male) |
| 16:16 | Crear | Villager (Male) |
| 16:17 | Crear | Scout Cavalry |
| 16:20 | Construir | Farm |
| 16:21 | Construir | Farm |
| 16:33 | Crear | Scout Cavalry |
| 16:34 | Crear | Villager (Male) |
| 16:43 | Construir | Farm |
| 16:47 | Construir | Farm |
| 16:58 | Crear | Scout Cavalry |
| 16:58 | Crear | Villager (Male) |
| 17:00 | Construir | Farm |
| 17:26 | Crear | Scout Cavalry |
| 17:30 | Construir | Farm |
| 17:37 | Crear | Scout Cavalry |
| 17:42 | Crear | Scout Cavalry |
| 17:48 | Construir | Farm |
| 17:48 | Construir | Farm |
| 17:48 | Construir | Farm |
| 17:48 | Construir | Farm |
| 17:55 | Crear | Villager (Male) |
| 18:15 | Crear | Scout Cavalry |
| 18:17 | Investigar | Bloodlines |
| 18:43 | Crear | Villager (Male) |
| 19:04 | Construir | House |
| 19:06 | Construir | Palisade Wall |
| 19:33 | Crear | Scout Cavalry |
| 19:38 | Construir | Market |
| 19:44 | Crear | Villager (Male) |
| 20:11 | Crear | Villager (Male) |
| 20:29 | Construir | Mining Camp |
| 20:42 | Crear | Villager (Male) |
| 21:11 | Investigar | Castle Age |
| 21:22 | Construir | Stone Wall |
| 21:27 | Construir | Stone Wall |
| 21:32 | Construir | Stone Wall |
| 21:36 | Construir | Stone Wall |
| 21:44 | Construir | Stone Wall |
| 21:45 | Crear | Villager (Male) |
| 21:49 | Investigar | Gold Mining |
| 21:50 | Investigar | Stone Mining |
| 22:03 | Construir | Palisade Wall |
| 23:19 | Construir | Mining Camp |
| 23:23 | Construir | Stone Wall |
| 23:24 | Construir | Stone Wall |
| 23:51 | Edad | Edad de los Castillos |
| 24:07 | Investigar | Chain Barding Armor |
| 24:09 | Investigar | Husbandry |
| 24:15 | Construir | Palisade Wall |
| 24:26 | Crear | Villager (Male) |
| 24:29 | Crear | Villager (Male) |
| 24:41 | Construir | Palisade Wall |
| 24:51 | Crear | Villager (Male) |
| 25:09 | Crear | Villager (Male) |
| 25:42 | Construir | Castle |
| 25:44 | Crear | Villager (Male) |
| 26:04 | Construir | Town Center |
| 26:05 | Investigar | Bow Saw |
Build order — tokmakbaba
Primeras 150 de 492 acciones detectadas
| 0:01 | Crear | Villager (Male) |
| 0:02 | Construir | House |
| 0:03 | Construir | House |
| 0:33 | Crear | Villager (Male) |
| 0:33 | Crear | Villager (Male) |
| 0:33 | Crear | Villager (Male) |
| 0:33 | Crear | Villager (Male) |
| 1:37 | Crear | Villager (Male) |
| 1:37 | Crear | Villager (Male) |
| 1:58 | Crear | Villager (Male) |
| 1:58 | Crear | Villager (Male) |
| 2:09 | Crear | Villager (Male) |
| 2:09 | Crear | Villager (Male) |
| 2:22 | Crear | Villager (Male) |
| 2:22 | Crear | Villager (Male) |
| 2:54 | Crear | Villager (Male) |
| 3:15 | Construir | Lumber Camp |
| 3:30 | Crear | Villager (Male) |
| 3:35 | Construir | House |
| 4:09 | Crear | Villager (Male) |
| 4:28 | Construir | Mill |
| 4:45 | Crear | Villager (Male) |
| 5:12 | Crear | Villager (Male) |
| 5:48 | Investigar | Loom |
| 6:11 | Investigar | Feudal Age |
| 6:11 | Investigar | Feudal Age |
| 6:30 | Construir | House |
| 7:10 | Construir | Barracks |
| 7:31 | Crear | Villager (Male) |
| 8:06 | Construir | House |
| 8:23 | Edad | Edad Feudal |
| 8:29 | Construir | Stable |
| 8:33 | Construir | Farm |
| 8:35 | Crear | Villager (Male) |
| 8:59 | Crear | Spearman |
| 9:04 | Crear | Villager (Male) |
| 9:06 | Construir | Farm |
| 9:19 | Construir | Farm |
| 9:20 | Crear | Villager (Male) |
| 9:24 | Crear | Scout Cavalry |
| 9:24 | Crear | Scout Cavalry |
| 9:27 | Crear | Spearman |
| 9:31 | Construir | House |
| 9:47 | Crear | Villager (Male) |
| 9:50 | Investigar | Double-Bit Axe |
| 9:50 | Investigar | Double-Bit Axe |
| 10:08 | Construir | House |
| 10:09 | Crear | Villager (Male) |
| 10:40 | Crear | Scout Cavalry |
| 10:44 | Construir | Blacksmith |
| 10:50 | Crear | Villager (Male) |
| 10:52 | Construir | Farm |
| 11:05 | Crear | Scout Cavalry |
| 11:05 | Crear | Scout Cavalry |
| 11:14 | Construir | Farm |
| 11:15 | Construir | Farm |
| 11:26 | Crear | Villager (Male) |
| 11:29 | Construir | Farm |
| 11:52 | Crear | Scout Cavalry |
| 11:58 | Construir | Farm |
| 12:00 | Construir | Farm |
| 12:01 | Crear | Villager (Male) |
| 12:13 | Crear | Villager (Male) |
| 12:17 | Construir | Farm |
| 12:20 | Construir | Farm |
| 12:22 | Crear | Villager (Male) |
| 12:50 | Investigar | Scale Barding Armor |
| 12:57 | Construir | Farm |
| 13:00 | Construir | Farm |
| 13:03 | Construir | Farm |
| 13:13 | Crear | Scout Cavalry |
| 13:14 | Crear | Villager (Male) |
| 13:38 | Crear | Villager (Male) |
| 13:44 | Construir | Farm |
| 13:44 | Construir | Farm |
| 13:47 | Construir | House |
| 13:52 | Crear | Villager (Male) |
| 13:54 | Crear | Scout Cavalry |
| 14:13 | Crear | Villager (Male) |
| 14:15 | Construir | Farm |
| 14:21 | Construir | House |
| 14:24 | Crear | Scout Cavalry |
| 14:59 | Crear | Scout Cavalry |
| 15:00 | Crear | Villager (Male) |
| 15:02 | Construir | House |
| 15:04 | Construir | Farm |
| 15:07 | Construir | Farm |
| 15:14 | Construir | Market |
| 15:30 | Crear | Scout Cavalry |
| 15:31 | Crear | Villager (Male) |
| 15:38 | Construir | Stable |
| 16:10 | Construir | Farm |
| 16:13 | Investigar | Wheelbarrow |
| 16:28 | Crear | Scout Cavalry |
| 16:29 | Crear | Scout Cavalry |
| 16:29 | Crear | Villager (Male) |
| 16:31 | Construir | Farm |
| 16:57 | Crear | Scout Cavalry |
| 16:57 | Crear | Scout Cavalry |
| 16:57 | Crear | Scout Cavalry |
| 16:58 | Crear | Villager (Male) |
| 17:00 | Construir | Farm |
| 17:02 | Construir | Farm |
| 17:23 | Crear | Scout Cavalry |
| 17:23 | Crear | Scout Cavalry |
| 17:40 | Investigar | Forging |
| 18:01 | Crear | Villager (Male) |
| 18:02 | Crear | Scout Cavalry |
| 18:02 | Crear | Scout Cavalry |
| 18:05 | Crear | Villager (Male) |
| 18:29 | Crear | Scout Cavalry |
| 18:32 | Construir | Farm |
| 18:59 | Crear | Scout Cavalry |
| 19:05 | Construir | Farm |
| 19:06 | Crear | Villager (Male) |
| 19:08 | Construir | Lumber Camp |
| 19:18 | Crear | Scout Cavalry |
| 19:19 | Crear | Scout Cavalry |
| 19:27 | Construir | Farm |
| 19:28 | Crear | Villager (Male) |
| 19:30 | Crear | Scout Cavalry |
| 19:30 | Crear | Scout Cavalry |
| 19:53 | Crear | Scout Cavalry |
| 19:54 | Crear | Scout Cavalry |
| 19:55 | Crear | Villager (Male) |
| 20:01 | Construir | Mining Camp |
| 20:03 | Crear | Villager (Male) |
| 20:20 | Crear | Spearman |
| 20:24 | Construir | Palisade Gate |
| 20:26 | Construir | House |
| 20:31 | Construir | Palisade Wall |
| 20:34 | Construir | House |
| 20:36 | Construir | House |
| 20:38 | Construir | House |
| 20:40 | Construir | House |
| 20:48 | Crear | Villager (Male) |
| 20:56 | Construir | Palisade Wall |
| 21:13 | Construir | Palisade Wall |
| 21:19 | Construir | Palisade Wall |
| 21:31 | Investigar | Castle Age |
| 21:31 | Investigar | Castle Age |
| 21:54 | Construir | Stable |
| 21:57 | Investigar | Gold Mining |
| 23:01 | Crear | Villager (Male) |
| 23:01 | Crear | Villager (Male) |
| 23:34 | Crear | Villager (Male) |
| 24:11 | Crear | Villager (Male) |
| 24:11 | Edad | Edad de los Castillos |
| 24:13 | Investigar | Husbandry |
| 24:14 | Crear | Knight |
Build order — [LW] Faneth
Primeras 150 de 377 acciones detectadas
| 0:00 | Crear | Villager (Male) |
| 0:01 | Crear | Villager (Male) |
| 0:02 | Construir | House |
| 0:04 | Construir | House |
| 0:04 | Crear | Villager (Male) |
| 0:05 | Crear | Villager (Male) |
| 1:33 | Crear | Villager (Male) |
| 1:55 | Crear | Villager (Male) |
| 2:16 | Crear | Villager (Male) |
| 2:16 | Crear | Villager (Male) |
| 2:42 | Crear | Villager (Male) |
| 3:06 | Construir | Lumber Camp |
| 3:13 | Crear | Villager (Male) |
| 3:18 | Crear | Villager (Male) |
| 3:31 | Construir | House |
| 4:08 | Crear | Villager (Male) |
| 4:30 | Crear | Villager (Male) |
| 4:53 | Crear | Villager (Male) |
| 5:11 | Crear | Villager (Male) |
| 5:15 | Construir | Mining Camp |
| 5:23 | Crear | Villager (Male) |
| 6:15 | Investigar | Loom |
| 6:38 | Investigar | Feudal Age |
| 6:56 | Construir | House |
| 7:48 | Construir | Barracks |
| 8:09 | Crear | Villager (Male) |
| 8:26 | Construir | Palisade Wall |
| 8:50 | Edad | Edad Feudal |
| 9:02 | Construir | Archery Range |
| 9:04 | Construir | Archery Range |
| 9:12 | Crear | Villager (Male) |
| 9:15 | Investigar | Double-Bit Axe |
| 9:18 | Construir | House |
| 9:29 | Crear | Villager (Male) |
| 9:55 | Construir | House |
| 9:58 | Crear | Archer |
| 9:59 | Crear | Archer |
| 9:59 | Crear | Archer |
| 10:03 | Crear | Archer |
| 10:03 | Crear | Archer |
| 10:10 | Construir | Blacksmith |
| 10:12 | Crear | Villager (Male) |
| 10:27 | Construir | Mill |
| 10:32 | Crear | Villager (Male) |
| 10:32 | Crear | Villager (Male) |
| 10:35 | Crear | Archer |
| 10:40 | Construir | House |
| 10:44 | Construir | Palisade Wall |
| 10:53 | Crear | Archer |
| 10:53 | Crear | Archer |
| 10:59 | Crear | Spearman |
| 11:11 | Crear | Villager (Male) |
| 11:14 | Crear | Archer |
| 11:20 | Construir | Farm |
| 11:34 | Crear | Archer |
| 11:35 | Crear | Villager (Male) |
| 11:38 | Crear | Archer |
| 11:52 | Construir | Farm |
| 12:10 | Construir | House |
| 12:11 | Construir | Palisade Wall |
| 12:12 | Construir | House |
| 12:19 | Crear | Villager (Male) |
| 12:24 | Construir | Farm |
| 12:26 | Construir | Farm |
| 12:30 | Crear | Archer |
| 12:33 | Crear | Archer |
| 12:42 | Construir | House |
| 12:44 | Crear | Villager (Male) |
| 13:06 | Construir | Farm |
| 13:16 | Crear | Villager (Male) |
| 13:19 | Construir | Farm |
| 13:29 | Construir | Watch Tower |
| 13:34 | Investigar | Fletching |
| 13:44 | Crear | Archer |
| 13:44 | Crear | Villager (Male) |
| 13:48 | Construir | House |
| 14:01 | Crear | Villager (Male) |
| 14:13 | Crear | Villager (Male) |
| 14:17 | Crear | Archer |
| 14:17 | Crear | Archer |
| 14:18 | Crear | Archer |
| 14:32 | Crear | Archer |
| 14:32 | Crear | Archer |
| 14:33 | Crear | Villager (Male) |
| 15:02 | Crear | Villager (Male) |
| 15:03 | Crear | Archer |
| 15:04 | Crear | Archer |
| 15:14 | Crear | Archer |
| 15:14 | Crear | Archer |
| 15:14 | Crear | Villager (Male) |
| 15:29 | Construir | Market |
| 15:41 | Construir | Farm |
| 15:47 | Crear | Archer |
| 16:05 | Crear | Villager (Male) |
| 16:17 | Construir | Farm |
| 16:19 | Construir | Farm |
| 16:34 | Crear | Villager (Male) |
| 16:37 | Construir | House |
| 16:38 | Construir | House |
| 16:42 | Investigar | Town Watch |
| 16:45 | Construir | House |
| 16:56 | Crear | Archer |
| 16:56 | Crear | Archer |
| 16:56 | Crear | Archer |
| 16:57 | Crear | Villager (Male) |
| 17:21 | Crear | Villager (Male) |
| 17:28 | Crear | Archer |
| 17:28 | Crear | Archer |
| 17:42 | Crear | Archer |
| 17:42 | Crear | Archer |
| 18:03 | Crear | Villager (Male) |
| 18:05 | Crear | Villager (Male) |
| 18:06 | Crear | Archer |
| 18:06 | Crear | Archer |
| 18:42 | Crear | Archer |
| 18:42 | Crear | Archer |
| 18:43 | Crear | Villager (Male) |
| 18:44 | Crear | Archer |
| 18:44 | Crear | Archer |
| 18:45 | Construir | Farm |
| 18:46 | Construir | Farm |
| 18:46 | Construir | Farm |
| 18:53 | Investigar | Castle Age |
| 18:53 | Investigar | Castle Age |
| 19:21 | Crear | Archer |
| 19:21 | Crear | Archer |
| 19:21 | Crear | Villager (Male) |
| 19:58 | Crear | Archer |
| 19:58 | Crear | Archer |
| 20:03 | Construir | Mining Camp |
| 20:08 | Crear | Archer |
| 20:09 | Crear | Archer |
| 21:06 | Crear | Villager (Male) |
| 21:21 | Crear | Archer |
| 21:22 | Crear | Archer |
| 21:27 | Construir | Archery Range |
| 21:33 | Edad | Edad de los Castillos |
| 21:38 | Investigar | Crossbowman (upgrade) |
| 21:39 | Investigar | Bodkin Arrow |
| 21:49 | Construir | University |
| 21:51 | Construir | Farm |
| 22:01 | Crear | Villager (Male) |
| 22:20 | Crear | Archer |
| 22:20 | Crear | Archer |
| 22:20 | Crear | Archer |
| 22:21 | Crear | Villager (Male) |
| 22:32 | Crear | Archer |
| 22:33 | Crear | Archer |
| 22:34 | Crear | Villager (Male) |
| 22:35 | Crear | Archer |
Build order — Joey the Bonqueror
Primeras 150 de 470 acciones detectadas
| 0:01 | Crear | Villager (Male) |
| 0:01 | Crear | Villager (Male) |
| 0:02 | Construir | House |
| 0:03 | Construir | House |
| 0:05 | Crear | Villager (Male) ×3 |
| 1:28 | Crear | Villager (Male) |
| 1:48 | Construir | Lumber Camp |
| 1:59 | Crear | Villager (Male) |
| 2:06 | Crear | Villager (Male) |
| 2:06 | Crear | Villager (Male) |
| 2:42 | Crear | Villager (Male) |
| 2:42 | Crear | Villager (Male) |
| 3:29 | Crear | Villager (Male) |
| 3:30 | Crear | Villager (Male) |
| 3:49 | Construir | House |
| 3:52 | Crear | Villager (Male) |
| 3:53 | Crear | Villager (Male) |
| 4:09 | Crear | Villager (Male) |
| 4:22 | Construir | Mill |
| 4:49 | Crear | Villager (Male) ×4 |
| 5:28 | Investigar | Loom |
| 5:36 | Crear | Villager (Male) |
| 5:37 | Investigar | Loom |
| 6:12 | Investigar | Feudal Age |
| 6:33 | Construir | House |
| 6:37 | Construir | Barracks |
| 6:44 | Construir | Barracks |
| 7:51 | Construir | House |
| 7:58 | Crear | Villager (Male) |
| 8:02 | Construir | Palisade Wall |
| 8:03 | Construir | Palisade Wall |
| 8:03 | Construir | Palisade Wall |
| 8:04 | Construir | Palisade Wall |
| 8:08 | Construir | House |
| 8:09 | Construir | House |
| 8:12 | Construir | House |
| 8:14 | Construir | Palisade Wall |
| 8:28 | Edad | Edad Feudal |
| 8:30 | Construir | Stable |
| 8:35 | Investigar | Double-Bit Axe |
| 8:45 | Crear | Villager (Male) ×5 |
| 9:07 | Crear | Scout Cavalry |
| 9:07 | Crear | Scout Cavalry |
| 9:26 | Construir | Stable |
| 9:34 | Crear | Scout Cavalry |
| 9:58 | Construir | Blacksmith |
| 10:11 | Crear | Scout Cavalry |
| 10:26 | Crear | Villager (Male) |
| 10:30 | Construir | Farm |
| 10:30 | Construir | Farm |
| 10:30 | Construir | Farm |
| 10:30 | Construir | Farm |
| 10:31 | Construir | Farm |
| 10:31 | Construir | Farm |
| 10:32 | Construir | Farm |
| 10:32 | Construir | Farm |
| 10:32 | Construir | Farm |
| 10:57 | Crear | Scout Cavalry |
| 10:59 | Construir | Farm |
| 11:00 | Construir | Farm |
| 11:03 | Construir | Farm |
| 11:16 | Crear | Villager (Male) |
| 11:44 | Investigar | Horse Collar |
| 11:45 | Crear | Villager (Male) |
| 11:52 | Construir | Farm |
| 11:54 | Construir | Farm |
| 12:18 | Crear | Villager (Male) |
| 12:19 | Crear | Scout Cavalry |
| 12:22 | Construir | Farm |
| 12:31 | Crear | Scout Cavalry |
| 12:36 | Construir | House |
| 12:40 | Crear | Villager (Male) |
| 13:03 | Crear | Villager (Male) |
| 13:04 | Crear | Scout Cavalry |
| 13:04 | Crear | Scout Cavalry |
| 13:10 | Construir | Farm |
| 13:12 | Construir | Farm |
| 13:14 | Construir | Farm |
| 13:16 | Construir | Farm |
| 13:18 | Construir | Farm |
| 13:21 | Crear | Villager (Male) |
| 13:29 | Crear | Scout Cavalry |
| 13:29 | Crear | Scout Cavalry |
| 13:48 | Crear | Villager (Male) |
| 13:51 | Crear | Villager (Male) |
| 13:58 | Crear | Scout Cavalry |
| 13:58 | Crear | Scout Cavalry |
| 14:01 | Construir | Farm |
| 14:22 | Construir | Blacksmith |
| 14:26 | Investigar | Bloodlines |
| 14:28 | Construir | Farm |
| 14:35 | Crear | Villager (Male) |
| 14:47 | Crear | Scout Cavalry |
| 14:47 | Crear | Scout Cavalry |
| 14:47 | Crear | Scout Cavalry |
| 14:53 | Crear | Villager (Male) |
| 14:55 | Construir | Farm |
| 15:24 | Investigar | Scale Barding Armor |
| 15:25 | Crear | Villager (Male) |
| 15:36 | Construir | Farm |
| 15:39 | Construir | Mill |
| 15:40 | Construir | Farm |
| 15:41 | Construir | Farm |
| 15:44 | Construir | Farm |
| 15:45 | Crear | Scout Cavalry |
| 15:46 | Crear | Scout Cavalry |
| 15:46 | Crear | Villager (Male) |
| 15:46 | Crear | Villager (Male) |
| 16:04 | Crear | Scout Cavalry |
| 16:08 | Crear | Villager (Male) |
| 16:08 | Crear | Villager (Male) |
| 16:15 | Crear | Scout Cavalry |
| 16:16 | Crear | Scout Cavalry |
| 16:19 | Crear | Villager (Male) |
| 16:26 | Construir | Market |
| 16:33 | Construir | House |
| 16:37 | Construir | Farm |
| 16:40 | Construir | Farm |
| 16:45 | Investigar | Wheelbarrow |
| 16:50 | Construir | House |
| 16:51 | Construir | House |
| 16:52 | Construir | House |
| 17:04 | Crear | Scout Cavalry |
| 17:04 | Crear | Scout Cavalry |
| 17:04 | Crear | Scout Cavalry |
| 17:32 | Investigar | Forging |
| 17:36 | Construir | House |
| 17:38 | Construir | House |
| 17:41 | Construir | House |
| 17:42 | Construir | House |
| 17:42 | Construir | House |
| 17:58 | Construir | Farm |
| 18:02 | Investigar | Town Watch |
| 18:02 | Crear | Villager (Male) |
| 18:04 | Crear | Scout Cavalry |
| 18:04 | Crear | Scout Cavalry |
| 18:06 | Crear | Scout Cavalry |
| 18:06 | Crear | Scout Cavalry |
| 18:06 | Crear | Scout Cavalry |
| 18:35 | Crear | Villager (Male) |
| 18:35 | Crear | Villager (Male) |
| 18:53 | Investigar | Castle Age |
| 18:54 | Investigar | Castle Age |
| 19:18 | Crear | Scout Cavalry |
| 19:19 | Crear | Scout Cavalry |
| 19:19 | Crear | Scout Cavalry |
| 19:32 | Crear | Scout Cavalry |
| 19:32 | Crear | Scout Cavalry |
| 19:32 | Crear | Scout Cavalry |
| 19:32 | Crear | Scout Cavalry |
Build order — [RAT] G0rm
Primeras 150 de 187 acciones detectadas
| 0:00 | Crear | Villager (Male) |
| 0:01 | Crear | Villager (Male) |
| 0:01 | Crear | Villager (Male) |
| 0:01 | Crear | Villager (Male) |
| 0:02 | Crear | Villager (Male) |
| 0:03 | Construir | House |
| 0:04 | Construir | House |
| 1:26 | Crear | Villager (Male) |
| 2:02 | Crear | Villager (Male) |
| 2:24 | Crear | Villager (Male) |
| 2:29 | Construir | Lumber Camp |
| 2:56 | Crear | Villager (Male) |
| 3:21 | Crear | Villager (Male) |
| 3:40 | Construir | House |
| 3:41 | Construir | House |
| 3:51 | Crear | Villager (Male) |
| 3:51 | Crear | Villager (Male) |
| 4:41 | Crear | Villager (Male) |
| 4:47 | Crear | Villager (Male) |
| 4:53 | Crear | Villager (Male) |
| 5:07 | Crear | Villager (Male) |
| 5:34 | Construir | Mining Camp |
| 6:27 | Investigar | Loom |
| 6:50 | Crear | Villager (Male) |
| 7:16 | Investigar | Feudal Age |
| 7:17 | Investigar | Feudal Age |
| 7:48 | Construir | Barracks |
| 9:06 | Crear | Villager (Male) |
| 9:26 | Edad | Edad Feudal |
| 9:28 | Construir | Archery Range |
| 9:37 | Construir | Archery Range |
| 9:38 | Crear | Villager (Male) |
| 10:19 | Crear | Villager (Male) |
| 10:20 | Crear | Archer |
| 10:20 | Crear | Archer |
| 10:25 | Construir | Mill |
| 10:34 | Crear | Archer |
| 10:36 | Crear | Archer |
| 10:44 | Construir | House |
| 10:45 | Construir | House |
| 10:50 | Crear | Villager (Male) |
| 10:57 | Investigar | Double-Bit Axe |
| 10:57 | Investigar | Double-Bit Axe |
| 11:15 | Crear | Archer |
| 11:16 | Crear | Villager (Male) |
| 11:27 | Crear | Archer |
| 11:40 | Crear | Villager (Male) |
| 12:01 | Construir | Watch Tower |
| 12:24 | Construir | House |
| 12:26 | Construir | House |
| 12:28 | Construir | House |
| 12:34 | Crear | Archer |
| 12:34 | Crear | Archer |
| 12:35 | Crear | Villager (Male) |
| 12:57 | Crear | Archer |
| 12:59 | Crear | Villager (Male) |
| 13:11 | Crear | Archer |
| 13:17 | Construir | Blacksmith |
| 13:19 | Construir | Farm |
| 13:20 | Construir | Farm |
| 13:25 | Crear | Villager (Male) |
| 13:59 | Construir | Farm |
| 14:01 | Construir | Farm |
| 14:14 | Construir | House |
| 14:24 | Crear | Archer |
| 14:24 | Crear | Archer |
| 14:36 | Crear | Archer |
| 14:45 | Crear | Archer |
| 14:47 | Crear | Villager (Male) |
| 15:24 | Crear | Archer |
| 15:24 | Crear | Archer |
| 15:38 | Investigar | Fletching |
| 15:38 | Investigar | Fletching |
| 15:41 | Crear | Archer |
| 15:41 | Crear | Archer |
| 15:59 | Crear | Archer |
| 16:09 | Crear | Villager (Male) |
| 16:30 | Construir | Lumber Camp |
| 16:42 | Crear | Villager (Male) |
| 16:43 | Crear | Archer |
| 16:43 | Crear | Archer |
| 16:56 | Crear | Villager (Male) |
| 17:32 | Crear | Villager (Male) |
| 17:41 | Crear | Archer |
| 17:42 | Crear | Archer |
| 17:51 | Crear | Archer |
| 17:51 | Crear | Archer |
| 18:07 | Crear | Villager (Male) |
| 18:08 | Crear | Villager (Male) |
| 18:11 | Crear | Archer |
| 18:11 | Crear | Archer |
| 18:33 | Crear | Villager (Male) |
| 18:40 | Construir | Farm |
| 18:48 | Crear | Archer |
| 18:59 | Crear | Villager (Male) |
| 19:02 | Construir | Farm |
| 19:22 | Crear | Villager (Male) |
| 19:23 | Crear | Archer |
| 19:23 | Crear | Archer |
| 19:37 | Construir | House |
| 19:39 | Construir | House |
| 19:40 | Construir | House |
| 19:58 | Construir | Farm |
| 20:15 | Crear | Villager (Male) |
| 20:32 | Construir | Market |
| 20:42 | Construir | Farm |
| 20:49 | Crear | Villager (Male) |
| 21:27 | Investigar | Castle Age |
| 21:27 | Investigar | Castle Age |
| 21:50 | Construir | Lumber Camp |
| 22:18 | Construir | Lumber Camp |
| 22:31 | Crear | Villager (Male) |
| 22:47 | Crear | Archer |
| 22:48 | Crear | Archer |
| 24:07 | Edad | Edad de los Castillos |
| 24:07 | Investigar | Crossbowman (upgrade) |
| 24:08 | Investigar | Crossbowman (upgrade) |
| 24:08 | Investigar | Bodkin Arrow |
| 24:09 | Investigar | Bodkin Arrow |
| 24:18 | Investigar | Padded Archer Armor |
| 24:21 | Crear | Villager (Male) |
| 24:54 | Crear | Villager (Male) |
| 25:13 | Construir | University |
| 25:23 | Construir | Lumber Camp |
| 25:28 | Crear | Villager (Male) |
| 25:59 | Crear | Archer |
| 25:59 | Crear | Archer |
| 26:00 | Crear | Villager (Male) |
| 26:39 | Crear | Villager (Male) |
| 26:39 | Crear | Villager (Male) |
| 27:21 | Crear | Archer |
| 27:21 | Crear | Archer |
| 27:32 | Crear | Villager (Male) |
| 27:33 | Crear | Villager (Male) |
| 28:22 | Crear | Archer |
| 28:23 | Crear | Archer |
| 28:35 | Crear | Villager (Male) |
| 28:36 | Crear | Villager (Male) |
| 28:52 | Crear | Villager (Male) |
| 29:23 | Crear | Villager (Male) |
| 29:41 | Crear | Archer |
| 29:41 | Crear | Archer |
| 30:11 | Crear | Villager (Male) |
| 30:46 | Crear | Villager (Male) |
| 31:14 | Construir | Town Center |
| 32:59 | Crear | Villager (Male) |
| 33:00 | Crear | Villager (Male) |
| 33:28 | Crear | Villager (Male) |
| 33:42 | Crear | Archer |
| 33:42 | Crear | Archer |
Build order — TaçsızKral
Primeras 150 de 320 acciones detectadas
| 0:02 | Crear | Villager (Male) |
| 0:03 | Crear | Villager (Male) |
| 0:03 | Crear | Villager (Male) |
| 0:03 | Crear | Villager (Male) |
| 0:03 | Crear | Villager (Male) |
| 0:05 | Construir | House |
| 0:06 | Construir | House |
| 1:28 | Crear | Villager (Male) |
| 1:28 | Crear | Villager (Male) |
| 2:01 | Crear | Villager (Male) |
| 2:20 | Crear | Villager (Male) |
| 2:20 | Crear | Villager (Male) |
| 2:49 | Crear | Villager (Male) |
| 2:49 | Crear | Villager (Male) |
| 2:55 | Crear | Villager (Male) |
| 2:55 | Crear | Villager (Male) |
| 3:22 | Construir | Lumber Camp |
| 3:44 | Crear | Villager (Male) |
| 3:44 | Crear | Villager (Male) |
| 3:44 | Crear | Villager (Male) |
| 3:54 | Construir | House |
| 4:22 | Crear | Villager (Male) |
| 4:22 | Crear | Villager (Male) |
| 4:38 | Crear | Villager (Male) |
| 4:38 | Crear | Villager (Male) |
| 4:45 | Construir | Mill |
| 4:53 | Crear | Villager (Male) |
| 4:53 | Crear | Villager (Male) |
| 4:56 | Crear | Villager (Male) |
| 4:56 | Crear | Villager (Male) |
| 5:22 | Investigar | Loom |
| 5:22 | Crear | Villager (Male) |
| 5:33 | Construir | House |
| 6:25 | Crear | Villager (Male) |
| 6:56 | Investigar | Feudal Age |
| 7:09 | Construir | Barracks |
| 7:33 | Construir | Lumber Camp |
| 8:05 | Construir | House |
| 8:08 | Construir | Mining Camp |
| 8:51 | Crear | Villager (Male) |
| 9:06 | Edad | Edad Feudal |
| 9:13 | Construir | Archery Range |
| 9:16 | Investigar | Double-Bit Axe |
| 9:17 | Crear | Villager (Male) |
| 9:37 | Construir | Archery Range |
| 9:42 | Crear | Villager (Male) |
| 9:55 | Crear | Spearman |
| 10:03 | Crear | Archer |
| 10:12 | Construir | Blacksmith |
| 10:15 | Construir | House |
| 10:17 | Crear | Archer |
| 10:22 | Crear | Archer |
| 10:24 | Crear | Spearman |
| 10:29 | Construir | Farm |
| 10:31 | Crear | Villager (Male) |
| 10:38 | Crear | Archer |
| 10:45 | Construir | House |
| 10:53 | Crear | Villager (Male) |
| 10:57 | Crear | Archer |
| 10:57 | Crear | Archer |
| 11:17 | Crear | Archer |
| 11:17 | Crear | Archer |
| 11:24 | Investigar | Fletching |
| 11:25 | Crear | Villager (Male) |
| 11:33 | Construir | House |
| 11:47 | Crear | Archer |
| 11:48 | Crear | Archer |
| 11:56 | Construir | House |
| 11:57 | Construir | House |
| 11:59 | Crear | Villager (Male) |
| 11:59 | Crear | Villager (Male) |
| 12:06 | Construir | Farm |
| 12:10 | Crear | Archer |
| 12:11 | Crear | Archer |
| 12:28 | Crear | Archer |
| 12:29 | Crear | Archer |
| 12:30 | Crear | Villager (Male) |
| 12:30 | Crear | Villager (Male) |
| 12:51 | Crear | Spearman |
| 12:57 | Crear | Archer |
| 12:57 | Crear | Archer |
| 13:06 | Investigar | Padded Archer Armor |
| 13:06 | Investigar | Padded Archer Armor |
| 13:11 | Crear | Spearman |
| 13:22 | Construir | House |
| 13:38 | Crear | Archer |
| 13:38 | Crear | Archer |
| 13:39 | Crear | Archer |
| 13:50 | Crear | Archer |
| 13:51 | Crear | Archer |
| 13:52 | Crear | Villager (Male) |
| 13:52 | Crear | Villager (Male) |
| 13:52 | Crear | Villager (Male) |
| 14:14 | Crear | Archer |
| 14:14 | Crear | Archer |
| 14:24 | Construir | Archery Range |
| 14:25 | Crear | Villager (Male) |
| 14:28 | Construir | Farm |
| 14:32 | Crear | Archer |
| 14:32 | Crear | Archer |
| 15:00 | Crear | Archer |
| 15:01 | Crear | Archer |
| 15:03 | Construir | House |
| 15:05 | Construir | House |
| 15:08 | Crear | Archer |
| 15:12 | Construir | Farm |
| 15:15 | Construir | Farm |
| 15:17 | Construir | Farm |
| 15:18 | Crear | Villager (Male) |
| 15:19 | Crear | Villager (Male) |
| 15:39 | Crear | Archer |
| 15:39 | Crear | Archer |
| 15:46 | Construir | Farm |
| 15:47 | Crear | Archer |
| 15:47 | Crear | Archer |
| 15:53 | Construir | House |
| 16:02 | Crear | Villager (Male) |
| 16:06 | Crear | Archer |
| 16:06 | Crear | Archer |
| 16:14 | Crear | Archer |
| 16:15 | Crear | Archer |
| 16:27 | Construir | Farm |
| 16:35 | Crear | Villager (Male) |
| 16:35 | Crear | Villager (Male) |
| 16:36 | Crear | Villager (Male) |
| 16:38 | Construir | Farm |
| 16:41 | Crear | Archer |
| 16:41 | Crear | Archer |
| 16:47 | Crear | Villager (Male) |
| 16:57 | Construir | Market |
| 17:05 | Crear | Archer |
| 17:06 | Crear | Archer |
| 17:18 | Crear | Archer |
| 17:18 | Crear | Archer |
| 17:40 | Crear | Archer |
| 17:40 | Crear | Archer |
| 18:01 | Crear | Archer |
| 18:01 | Crear | Archer |
| 18:06 | Crear | Archer |
| 18:06 | Crear | Archer |
| 18:35 | Crear | Archer |
| 18:35 | Crear | Archer |
| 18:35 | Crear | Archer |
| 19:01 | Crear | Archer |
| 19:01 | Crear | Archer |
| 19:16 | Crear | Archer |
| 19:17 | Crear | Archer |
| 19:22 | Crear | Villager (Male) |
| 19:22 | Crear | Villager (Male) |
| 19:23 | Crear | Archer |
Cronología de la partida
| 6:37 | Joey the Bonqueror · first_building Barracks |
| 7:09 | TaçsızKral · first_building Barracks |
| 7:09 | [LW] Klemens · first_building Barracks |
| 7:10 | tokmakbaba · first_building Barracks |
| 7:21 | TheShadowrawen · first_building Barracks |
| 7:29 | [LW] Klemens · wall_segment Palisade Wall x3 |
| 7:31 | [LW] Klemens · wall_segment Palisade Wall x12 |
| 7:45 | [RAT] Spencer · first_building Barracks |
| 7:48 | [LW] Faneth · first_building Barracks |
| 7:48 | [RAT] G0rm · first_building Barracks |
| 8:02 | Joey the Bonqueror · wall_segment Palisade Wall x1 |
| 8:03 | Joey the Bonqueror · wall_segment Palisade Wall x1 |
| 8:03 | Joey the Bonqueror · wall_segment Palisade Wall x1 |
| 8:04 | Joey the Bonqueror · wall_segment Palisade Wall x1 |
| 8:13 | TheShadowrawen · wall_segment Palisade Wall x1 |
| 8:14 | Joey the Bonqueror · wall_segment Palisade Wall x1 |
| 8:23 | tokmakbaba · age_up feudal |
| 8:26 | [LW] Faneth · wall_segment Palisade Wall x1 |
| 8:28 | Joey the Bonqueror · age_up feudal |
| 8:29 | tokmakbaba · first_building Stable |
| 8:30 | Joey the Bonqueror · first_building Stable |
| 8:32 | TheShadowrawen · age_up feudal |
| 8:34 | TheShadowrawen · first_building Archery Range |
| 8:50 | [LW] Faneth · age_up feudal |
| 8:57 | [RAT] Spencer · age_up feudal |
| 8:59 | [LW] Klemens · age_up feudal |
| 9:02 | [LW] Faneth · first_building Archery Range |
| 9:03 | [LW] Klemens · first_building Stable |
| 9:04 | [RAT] Spencer · first_building Stable |
| 9:06 | TaçsızKral · age_up feudal |
| 9:13 | TaçsızKral · first_building Archery Range |
| 9:26 | [RAT] G0rm · age_up feudal |
| 9:28 | [RAT] G0rm · first_building Archery Range |
| 10:44 | [LW] Faneth · wall_segment Palisade Wall x12 |
| 12:11 | [LW] Faneth · wall_segment Palisade Wall x1 |
| 13:14 | [RAT] Spencer · wall_segment Palisade Wall x5 |
| 13:16 | [RAT] Spencer · wall_segment Palisade Wall x7 |
| 14:22 | [RAT] Spencer · wall_segment Palisade Wall x5 |
| 17:41 | TheShadowrawen · first_market_buy 100 food |
| 18:46 | Joey the Bonqueror · first_market_buy 100 food |
| 18:50 | Joey the Bonqueror · first_market_sell 100 wood |
| 19:06 | [RAT] Spencer · wall_segment Palisade Wall x1 |
| 19:21 | tokmakbaba · first_market_buy 100 food |
| 20:22 | TheShadowrawen · age_up castle |
| 20:31 | tokmakbaba · wall_segment Palisade Wall x1 |
| 20:36 | [RAT] Spencer · first_market_buy 100 food |
| 20:40 | [RAT] Spencer · first_market_sell 100 wood |
| 20:56 | tokmakbaba · wall_segment Palisade Wall x1 |
| 21:13 | tokmakbaba · wall_segment Palisade Wall x1 |
| 21:19 | Joey the Bonqueror · age_up castle |
| 21:19 | tokmakbaba · wall_segment Palisade Wall x1 |
| 21:22 | [RAT] Spencer · wall_segment Stone Wall x8 |
| 21:25 | [RAT] G0rm · first_market_buy 100 food |
| 21:27 | [RAT] Spencer · wall_segment Stone Wall x4 |
| 21:30 | tokmakbaba · first_market_sell 100 food |
| 21:32 | [RAT] Spencer · wall_segment Stone Wall x2 |
| 21:33 | [LW] Faneth · age_up castle |
| 21:36 | [RAT] Spencer · wall_segment Stone Wall x4 |
| 21:44 | [RAT] Spencer · wall_segment Stone Wall x6 |
| 21:45 | TaçsızKral · first_market_sell 100 wood |
| 22:03 | [RAT] Spencer · wall_segment Palisade Wall x1 |
| 22:48 | TaçsızKral · wall_segment Palisade Wall x1 |
| 22:49 | TaçsızKral · wall_segment Palisade Wall x1 |
| 22:53 | [LW] Klemens · age_up castle |
| 23:23 | [RAT] Spencer · wall_segment Stone Wall x1 |
| 23:24 | [RAT] Spencer · wall_segment Stone Wall x1 |
| 23:51 | [RAT] Spencer · age_up castle |
| 24:07 | [RAT] G0rm · age_up castle |
| 24:11 | tokmakbaba · age_up castle |
| 24:15 | [RAT] Spencer · wall_segment Palisade Wall x1 |
| 24:41 | [RAT] Spencer · wall_segment Palisade Wall x1 |
| 25:34 | [RAT] G0rm · first_market_sell 100 wood |
| 25:37 | TaçsızKral · first_market_buy 100 food |
| 25:42 | [RAT] Spencer · first_building Castle |
| 28:25 | TaçsızKral · age_up castle |
| 30:56 | Joey the Bonqueror · wall_segment Stone Wall x4 |
| 31:00 | Joey the Bonqueror · wall_segment Stone Wall x1 |
| 31:05 | Joey the Bonqueror · wall_segment Stone Wall x1 |
| 31:22 | Joey the Bonqueror · wall_segment Stone Wall x4 |
| 31:45 | [RAT] Spencer · wall_segment Stone Wall x1 |
| 32:03 | TheShadowrawen · first_building Castle |
| 32:14 | TheShadowrawen · first_market_sell 100 wood |
| 32:33 | TheShadowrawen · first_building Monastery |
| 32:53 | Joey the Bonqueror · first_building Monastery |
| 33:37 | tokmakbaba · first_building Castle |
| 33:43 | TheShadowrawen · wall_segment Stone Wall x1 |
| 34:06 | [LW] Klemens · first_market_buy 100 food |
| 34:37 | TheShadowrawen · wall_segment Stone Wall x1 |
| 34:55 | [LW] Klemens · first_market_sell 100 food |
| 35:17 | TheShadowrawen · wall_segment Stone Wall x1 |
| 35:20 | TheShadowrawen · wall_segment Stone Wall x1 |
| 35:38 | [LW] Faneth · first_market_sell 100 food |
| 35:40 | Joey the Bonqueror · first_building Castle |
| 35:49 | Joey the Bonqueror · wall_segment Stone Wall x17 |
| 35:56 | Joey the Bonqueror · wall_segment Stone Wall x6 |
| 36:04 | Joey the Bonqueror · wall_segment Stone Wall x10 |
| 36:21 | Joey the Bonqueror · age_up imperial |
| 36:22 | TheShadowrawen · age_up imperial |
| 36:34 | tokmakbaba · first_building Monastery |
| 36:55 | TaçsızKral · first_building Castle |
| 37:40 | Joey the Bonqueror · wall_segment Stone Wall x22 |
| 37:49 | [LW] Klemens · first_building Monastery |
| 38:16 | [LW] Faneth · first_building Castle |
| 38:18 | Joey the Bonqueror · wall_segment Stone Wall x11 |
| 38:24 | Joey the Bonqueror · wall_segment Stone Wall x8 |
| 39:46 | tokmakbaba · age_up imperial |
| 40:10 | Joey the Bonqueror · wall_segment Stone Wall x11 |
| 41:16 | [RAT] Spencer · resign |
[ ANÁLISIS IA · 1 CRÉDITO ]
¿Qué pasó realmente en esta partida?
Wolo.gg analiza cada decisión: build order, eco, micro, errores típicos por bracket. Análisis personalizado por WhatsApp o Discord en 30 segundos.
Guía civ
Magiares
Perfil
Jugador #1196917